 Dungeon Crawl Stone Soup version 0.23.2-1-ga50397a (webtiles) character file.

Game seed: 282441708609859284

424 XPEneeg3 the Chopper (level 6, -5/56 HPs)
             Began as a Hill Orc Berserker on May 28, 2019.
             Was a Believer of Trog.
             Slain by a gnoll
             ... wielding a +0 halberd
              (10 damage)
             ... on level 4 of the Dungeon.
             The game lasted 00:11:01 (3322 turns).

XPEneeg3 the Chopper (Hill Orc Berserker)           Turns: 3322, Time: 00:11:02

Health: -5/56      AC:  7    Str: 22    XL:     6   Next: 96%
Magic:  6/6        EV: 13    Int:  7    God:    Trog [**....]
Gold:   143        SH:  0    Dex: 10    Spells: 5/5 levels left

rFire    + . .     SeeInvis .   q - +0 battleaxe
rCold    x . .     Gourm    .   (shield currently unavailable)
rNeg     . . .     Faith    .   b - +1 animal skin
rPois    .         Spirit   .   p - +0 helmet
rElec    .         Reflect  .   (no cloak)
rCorr    .         Harm     .   l - +2 pair of gloves
MR       .....                  (no boots)
Stlth    +.........             g - amulet of the acrobat
HPRegen  0.18/turn              j - ring of fire
MPRegen  0.10/turn              (no ring)

@: berserk cooldown
A: no striking features
a: Berserk, Trog's Hand, Renounce Religion


You were on level 4 of the Dungeon.
You worshipped Trog.
Trog was pleased with you.
You were near starving.

You visited 1 branch of the dungeon, and saw 4 of its levels.

You collected 143 gold pieces.

Inventory:

Hand Weapons
 a - a +0 hand axe
 m - a +0 war axe
 q - a +0 battleaxe (weapon)
Missiles
 h - 8 curare-tipped needles (quivered)
Armour
 b - a +1 animal skin (worn)
 l - a +2 pair of gloves (worn)
 p - a +0 helmet (worn)
Jewellery
 g - an amulet of the acrobat (around neck)
 j - a ring of fire (left hand)
Scrolls
 d - a scroll of teleportation
 r - 3 scrolls of identify
 s - a scroll of magic mapping {unknown}
Potions
 e - a potion of ambrosia
 f - a potion of brilliance {unknown}
 i - a potion of heal wounds {unknown}
 k - 3 potions of curing {unknown}
 n - 3 potions of might
 o - a potion of haste
Comestibles
 c - 6 rations
 t - 4 chunks of flesh


   Skills:
 + Level 5.5 Fighting
 + Level 6.0 Axes
 + Level 4.3 Armour
 + Level 3.2 Dodging


You had 5 spell levels left.
You didn't know any spells.
Your spell library was empty.

Dungeon Overview and Level Annotations

Branches:
Dungeon (4/15)
 Temple: D:4-7

Altars:
Nemelex Xobeh


Message History

You take 7 damage, and have 6/56 hp.
You regained 2 hp, and now have 8/56 hp.
Your skin stops crawling.
You feel less resistant to hostile enchantments.
The gnoll shaman completely misses you.
You feel yourself speed up. The gnoll shaman completely misses you.
You are near starving!
You slash the gnoll shaman!
The gnoll shaman is moderately wounded.
The gnoll hits you from afar with a +0 halberd.
* * * LOW HITPOINT WARNING * * *
The gnoll hits you but does no damage. The gnoll shaman barely misses you.
You take 4 damage, and have 5/56 hp.
You slash the gnoll shaman!
The gnoll shaman is almost dead.
The gnoll closely misses you.
The gnoll shaman hits you but does no damage.
The gnoll hits you from afar with a +0 halberd!
You die...

.# #.####.#...##.###..# ..
#.##.###.# #..# .# #.##.# #.#
#..# .# ###.##.# #.# #..# .#
#.####...##.###.###..#
.##########..................>.#
).gggg.gg#######.###.####..#.#.##
#.######.# #.# #.####..#..... #.#
#.#######@# #.##.......... #.#
#...ggggg.# #.##.#..###.## #.#
########### #.##.#..###.# #.#
#.##.#......# #.# #.##.##.#.###
#.# #.##.##.#.#### #.##.......
.##.###..#### .............


You could see a gnoll shaman and 4 gnolls.

Vanquished Creatures
  A phantom (D:4)
  An ogre (D:4)
  3 orc wizards (D:4)
  A worker ant (D:4)
  Robin (D:3)
  5 gnolls
  A shadow imp (D:3)
  2 worms (D:2)
  3 dart slugs
  2 leopard geckos (D:3)
  13 orcs
  2 giant cockroaches
  14 goblins
  6 hobgoblins
  3 bats
  2 frilled lizards
  6 kobolds
  2 rats
68 creatures vanquished.

Notes
Turn   | Place    | Note
-------+----------+-------------------------------------------
     0 | D:1      | XPEneeg3 the Hill Orc Berserker began the quest for the
                  | Orb.
     0 | D:1      | Reached XP level 1. HP: 19/19 MP: 1/1
   100 | D:1      | Reached XP level 2. HP: 19/27 MP: 2/2
   699 | D:2      | Reached XP level 3. HP: 31/33 MP: 3/3
   912 | D:2      | Found a sparkling altar of Nemelex Xobeh.
   987 | D:2      | Reached XP level 4. HP: 32/40 MP: 4/4
  2046 | D:3      | Noticed Robin
  2052 | D:3      | Reached ** piety under Trog
  2065 | D:3      | Killed Robin
  2065 | D:3      | Reached skill level 5 in Axes
  2147 | D:3      | Reached XP level 5. HP: 24/47 MP: 5/5
  2697 | D:4      | Noticed an ogre
  2706 | D:4      | Killed an ogre
  2706 | D:4      | Reached skill level 5 in Fighting
  2706 | D:4      | Reached XP level 6. HP: 43/56 MP: 6/6
  2955 | D:4      | Noticed a phantom
  2982 | D:4      | Killed a phantom
  3257 | D:4      | Reached skill level 6 in Axes
  3322 | D:4      | Slain by a gnoll

Skill      XL: |  1  2  3  4  5  6 |
---------------+-------------------+-----
Fighting       | 4 5 |  5.5
Dodging        | 2 3 |  3.2
Armour         | 3 4 |  4.3
Axes           | 5 6 |  6.0

Action                   |  1- 3 |  4- 6 || total
-------------------------+-------+-------++-------
Melee: Hand axe          |    63 |    92 ||   155
       Battleaxe         |       |   115 ||   115
Invok: Berserk           |       |     2 ||     2
       Trog's Hand       |       |     2 ||     2
  Use: Scroll            |       |     4 ||     4
       Potion            |       |     2 ||     2
  Eat: Chunk             |       |     9 ||     9
Armor: Animal skin       |     9 |    49 ||    58
Dodge: Dodged            |    39 |   125 ||   164
